 Dungeon Sprint DCSS version 0.16-a0-3061-g1c4ddba (webtiles) character file.

2500000 BluebellGnoll the Plane Walker (level 16, -53/90 HPs)
             Began as a Spriggan Warper on Dec 10, 2014.
             Was a High Priest of Makhleb.
             Annihilated by a large bag of meat
             ... wielding a +9 giant spiked club
              (103 damage)
             ... in the Dungeon (Sprint VIII: "Arena of Blood").
             The game lasted 00:01:55 (25 turns).

BluebellGnoll the Plane Walker (Spriggan Warper)      Turns: 25, Time: 00:01:55

Health: -53/90     AC:  2    Str:  7    XL:     16   Next: 90%
Magic:  9/41       EV: 44    Int: 14    God:    Makhleb [*****.]
Gold:   0          SH:  0    Dex: 23    Spells: 1 memorised, 51 levels left

rFire  . . .     SeeInvis +     l - +∞ Axe of Woe
rCold  . . .     Clarity  .     b - +0 robe
rNeg   . . .     SustAb   .     (shield restricted)
rPois  .         Gourm    .     (helmet restricted)
rElec  .         Spirit   .     (no cloak)
rCorr  .         Warding  .     (gloves unavailable)
rMut   .         NoTele   +     (boots unavailable)
MR     ++...                    (no amulet)
Stlth  ++++++++++               (no ring)
                                (no ring)

@: very quick, very resistant to hostile enchantments, uncannily stealthy
A: unfitting armour, see invisible, herbivore 3, speed 3, slow metabolism 2
a: Minor Destruction, Lesser Servant of Makhleb, Major Destruction, Greater
Servant of Makhleb, Renounce Religion


You were in the Dungeon.
You worshipped Makhleb.
Makhleb was extremely pleased with you.
You were not hungry.

You visited 1 branch

Inventory:

Hand weapons
 a - a +0 short sword
 l - the +∞ Axe of Woe (weapon)
   (You found it in the Dungeon)
Missiles
 e - 5 tomahawks of dispersal (quivered)
Armour
 b - a +0 robe (worn)
Scrolls
 d - 2 scrolls of blinking
Potions
 g - a potion of curing
 h - a potion of heal wounds
 i - a potion of haste
 j - 2 potions of magic
 k - a potion of berserk rage
Books
 c - a book of Spatial Translocations

   Spells                             Type                      Level
   a - Apportation                    Translocation                1
   b - Blink                          Translocation                2
   c - Shroud of Golubria             Charms/Translocation         2
   d - Portal Projectile              Translocation                3
   e - Teleport Other                 Translocation                3
   f - Passage of Golubria            Translocation                4
Comestibles
 f - a bread ration


   Skills:
 + Level 12.4 Fighting
 + Level 14.8 Short Blades
 + Level 6.2 Axes
 + Level 6.6 Throwing
 + Level 4.3 Armour
 O Level 27 Dodging
 O Level 27 Stealth
 + Level 18.8 Spellcasting
 O Level 27 Translocations
 O Level 27 Invocations


You had 51 spell levels left.
You knew the following spells:

 Your Spells              Type           Power        Failure   Level  Hunger
a - Apportation           Tloc           ######....   0%          1    None


Dungeon Overview and Level Annotations

Branches:
Dungeon (1/1)

Altars:
Makhleb


Innate Abilities, Weirdness & Mutations

You are tiny and cannot use many weapons and most armour.
You have supernaturally acute eyesight.
You are a herbivore.
You cover ground extremely quickly.
You need consume almost no food.


Message History

Your Axes skill gained 4 levels and is now at level 4!
Your Armour skill increases to level 4!
Your Spellcasting skill gained 2 levels and is now at level 17!
You slash the meat berserker!
You chop the meat berserker into pieces.
You kill the meat berserker!
Makhleb accepts your kill.
You feel a little better.
Your Fighting skill increases to level 12!
Your Short Blades skill increases to level 14!
Your Axes skill gained 2 levels and is now at level 6!
Your Throwing skill increases to level 6!
Your Spellcasting skill increases to level 18!
You hear a shout! x9
The meat berserker hits you with a +9 battleaxe!!!
The destroyer blinks!
You hear a shout!
The large bag of meat hits you with a +9 giant spiked club!!!!
Ouch! That really hurt!
You die...

....C....o.
.........oo...V
..................
............C......
#......o#.........o.
#.......# ..o..o....
.###.......###Oo..C....
.......###...).CO......##
........_.)).o.o@........
.....#.....#..).)..#.#...
. #_.<)_#...........
#..o.)#....V§#.#.#
......_.....§.........
......###.........#.#.
.###.. ...###..... . #..
...# ....... #.. ...#
....


You could see 2 destroyers, 3 large bags of meat, 2 meat berserkers and 9 bags
of meat.

Vanquished Creatures
  5 ogres (D)
  9 orcs (D)
14 creatures vanquished.

Notes
Turn   | Place    | Note
--------------------------------------------------------------
     0 | D        | BluebellGnoll, the Spriggan Warper, began the quest for the Orb.
     0 | D        | Reached XP level 1. HP: 10/10 MP: 4/4
     4 | D        | Became a worshipper of Makhleb the Destroyer
     5 | D        | Noticed a bag of meat
     5 | D        | Noticed a bag of meat
     5 | D        | Noticed a bag of meat
     6 | D        | Noticed a bag of meat
     6 | D        | Noticed a bag of meat
     7 | D        | Noticed a meat berserker
     8 | D        | Noticed a bag of meat
     8 | D        | Killed a bag of meat
     8 | D        | Reached skill level 8 in Fighting
     8 | D        | Reached skill level 10 in Short Blades
     8 | D        | Reached skill level 13 in Dodging
     8 | D        | Reached skill level 24 in Translocations
     8 | D        | Reached XP level 2. HP: 12/22 MP: 4/20
     8 | D        | Reached XP level 3. HP: 13/25 MP: 4/23
     8 | D        | Reached XP level 4. HP: 15/30 MP: 4/25
     8 | D        | Reached XP level 5. HP: 17/34 MP: 4/27
     8 | D        | Reached XP level 6. HP: 19/39 MP: 4/29
     8 | D        | Reached XP level 7. HP: 20/43 MP: 4/30
     8 | D        | Reached XP level 8. HP: 21/47 MP: 4/31
     8 | D        | Reached XP level 9. HP: 22/51 MP: 4/32
     8 | D        | Reached XP level 10. HP: 24/56 MP: 4/34
     8 | D        | Reached XP level 11. HP: 25/60 MP: 4/35
    10 | D        | Killed a bag of meat
    10 | D        | Acquired Makhleb's first power
    10 | D        | Reached skill level 10 in Fighting
    10 | D        | Reached skill level 5 in Throwing
    10 | D        | Reached skill level 15 in Dodging
    10 | D        | Reached skill level 15 in Spellcasting
    10 | D        | Reached skill level 27 in Translocations
    10 | D        | Reached XP level 12. HP: 63/67 MP: 4/37
    11 | D        | Noticed a meat berserker
    11 | D        | Killed a meat berserker
    11 | D        | Reached XP level 13. HP: 67/72 MP: 4/38
    11 | D        | Killed a bag of meat
    11 | D        | Acquired Makhleb's second power
    11 | D        | Reached skill level 27 in Dodging
    12 | D        | Noticed a bag of meat
    12 | D        | Killed a bag of meat
    12 | D        | Reached skill level 10 in Invocations
    12 | D        | Reached XP level 14. HP: 77/77 MP: 5/38
    12 | D        | Killed a bag of meat
    12 | D        | Acquired Makhleb's third power
    13 | D        | Noticed a meat berserker
    13 | D        | Killed a meat berserker
    13 | D        | Reached skill level 15 in Invocations
    13 | D        | Reached XP level 15. HP: 80/80 MP: 5/39
    13 | D        | Killed a bag of meat
    14 | D        | Noticed a bag of meat
    14 | D        | Noticed a bag of meat
    15 | D        | Noticed a bag of meat
    15 | D        | Noticed a bag of meat
    15 | D        | Noticed a bag of meat
    18 | D        | Noticed a large bag of meat
    18 | D        | Killed a meat berserker
    18 | D        | Acquired Makhleb's fourth power
    18 | D        | Reached skill level 27 in Stealth
    18 | D        | Killed a bag of meat
    19 | D        | Noticed a bag of meat
    20 | D        | Noticed a meat berserker
    21 | D        | Noticed a bag of meat
    21 | D        | Noticed a destroyer
    22 | D        | Noticed a meat berserker
    22 | D        | Killed a bag of meat
    22 | D        | Acquired Makhleb's fifth power
    22 | D        | Reached XP level 16. HP: 85/85 MP: 7/40
    23 | D        | Noticed a meat berserker
    23 | D        | Noticed a large bag of meat
    24 | D        | Noticed a meat berserker
    24 | D        | Noticed a large bag of meat
    24 | D        | Killed a meat berserker
    25 | D        | Noticed a bag of meat
    25 | D        | Noticed a bag of meat
    25 | D        | Noticed a bag of meat
    25 | D        | Killed a bag of meat
    25 | D        | Reached skill level 27 in Invocations
    25 | D        | Killed a meat berserker
    25 | D        | Annihilated by a large bag of meat

Action                   |  1- 3 |  4- 6 |  7- 9 | 10-12 | 13-15 | 16-18 || total
-------------------------+-------+-------+-------+-------+-------+-------++-------
Melee: Broad axe         |     1 |       |       |     2 |     4 |     2 ||     9
